Map: Emerald City LE

Players

qqq

  • Race: Zerg Zerg
  • League: Platinum
  • Spawn Location: 5:00

Massa

  • Race: Terran Terran
  • League: Platinum
  • Spawn Location: 5:00

NightHawk - Winner!

  • Race: Terran Terran
  • Spawn Location: 11:00

Webmaster - Winner!

  • Race: Protoss Protoss
  • League: Gold
  • Spawn Location: 11:00

VOD

Have the link to the VOD?

Description

Time

  • Played on: Nov. 29, 2020, 6 a.m.
  • Length: 5:27
Show
View Real Time Build Order
Export as new Build Order

qqq Zerg 

Build Orders: Hatch First 

Get SALT Encoding   

  12  0:00  Drone  
  13  0:10  Drone  
  14  0:23  Overlord  
  14  0:46  Hatchery  
  13  0:50  Drone  
  13  0:52  Drone  
  13  0:56  Drone  
  16  1:21  Spawning Pool  
  16  1:22  Extractor  
  14  1:26  Drone x3  
  17  1:41  Drone  
  18  1:48  Drone  
  19  2:01  Drone  
  19  2:02  Drone  
  21  2:08  Queen  
  21  2:10  Queen  
  21  2:12  Drone  
  26  2:20  Zergling x2  
  26  2:22  Metabolic Boost  
  27  2:25  Overlord  
  27  2:28  Drone  
  28  2:36  Overlord  
  28  2:51  Drone x2  
  28  2:52  Zergling x4  
  32  3:05  Zergling x2  
  33  3:06  Drone, Zergling x2  
  35  3:18  Drone  
  35  3:19  Zergling x4  
  38  3:20  Zergling x2  
  38  3:23  Hatchery, Zergling x2  
  39  3:34  Lair  
  39  3:37  Spore Crawler  
  39  3:38  Drone  
  39  3:39  Zergling x2  
  40  3:41  Drone  
  40  3:43  Zergling x2  
  42  3:58  Zergling x2  
  42  4:02  Zergling x2  
  44  4:04  Overlord x2  
  40  4:29  Zergling x6  
  40  4:30  Drone  
  40  4:31  Drone x3  
  46  4:36  Spire  
  45  4:39  Extractor  
  45  4:42  Drone  
  45  4:43  Drone  
  46  4:46  Queen  
  44  4:59  Spine Crawler  
  39  5:05  Drone x3  
  39  5:06  Drone x2  
  44  5:11  Drone x2  
  44  5:12  Drone x4  
Show
View Real Time Build Order
Export as new Build Order

Massa Terran 

Build Orders:  

Get SALT Encoding   

  12  0:00  SCV  
  13  0:13  SCV  
  14  0:22  Supply Depot  
  14  0:25  SCV  
  15  0:43  SCV  
  15  0:44  Barracks  
  16  0:50  Refinery  
  16  0:55  SCV  
  17  1:08  SCV  
  18  1:20  SCV  
  19  1:32  SCV  
  20  1:35  Reaper  
  20  1:38  Command Center  
  21  1:45  Orbital Command  
  21  2:05  Supply Depot  
  21  2:11  SCV  
  22  2:22  Barracks, Marine  
  22  2:27  SCV  
  24  2:39  SCV  
  25  2:46  Barracks Reactor  
  25  2:51  SCV  
  26  2:54  Orbital Command  
  26  2:56  Factory  
  26  3:03  SCV  
  26  3:04  Barracks  
  27  3:11  Marine  
  28  3:21  SCV x2  
  30  3:33  SCV x2  
  32  3:38  Barracks Tech Lab, Marine x2  
  34  3:47  SCV  
  34  3:48  SCV  
  36  3:56  Marine x2  
  36  3:59  SCV  
  36  4:01  Marine  
  36  4:02  Marine  
  40  4:05  Factory Tech Lab  
  40  4:10  Engineering Bay  
  40  4:14  Marine x2  
  42  4:19  Marine  
  43  4:26  Marauder  
  43  4:31  Refinery, Marine  
  45  4:34  Supply Depot  
  45  4:35  Supply Depot  
  46  4:39  Refinery  
  46  4:41  Refinery  
  46  4:42  Missile Turret  
  46  4:51  Supply Depot  
  46  4:55  SCV x2, Cyclone  
  46  4:59  Missile Turret  
  50  5:07  SCV  
Show
View Real Time Build Order
Export as new Build Order

NightHawk Terran - Winner!

Build Orders: 2 Factory, Hellion Opening 

Get SALT Encoding   

  12  0:00  SCV  
  13  0:13  SCV  
  14  0:29  Supply Depot  
  14  0:30  SCV  
  15  0:47  Refinery  
  15  0:50  SCV  
  15  0:54  Barracks  
  16  1:03  SCV, Supply Depot  
  17  1:15  SCV  
  18  1:27  SCV  
  19  1:34  Refinery  
  19  1:46  Orbital Command  
  19  1:48  Factory  
  19  1:49  Marine  
  20  2:09  Supply Depot  
  20  2:13  SCV  
  21  2:20  Barracks Reactor  
  21  2:24  Factory  
  21  2:25  SCV  
  22  2:31  Factory Tech Lab  
  22  2:38  SCV  
  23  2:50  SCV  
  26  2:51  Hellion  
  26  2:52  Infernal Pre-Igniter  
  26  2:56  Marine  
  26  2:57  Marine  
  28  3:02  SCV  
  29  3:11  Supply Depot  
  29  3:22  Hellion x2  
  29  3:23  Hellion  
  35  3:43  Hellion  
  35  3:44  Hellion x2  
  41  4:04  Hellion  
  41  4:05  Hellion x2  
Show
View Real Time Build Order
Export as new Build Order

Webmaster Protoss - Winner!

Build Orders: 1 Gate Expand 

Get SALT Encoding   

  12  0:00  Probe  
  13  0:13  Pylon  
  14  0:21  Probe (Chrono Boost)  
  14  0:33  Probe (Chrono Boost)  
  15  0:39  Gateway  
  15  0:42  Probe (Chrono Boost)  
  16  0:47  Probe  
  17  0:57  Assimilator  
  17  1:00  Assimilator  
  17  1:01  Probe  
  18  1:13  Probe  
  19  1:25  Probe  
  20  1:37  Probe  
  20  1:39  Nexus  
  21  1:49  Probe  
  21  1:51  Cybernetics Core  
  22  2:06  Pylon  
  22  2:11  Probe  
  23  2:24  Probe  
  23  2:34  Stargate  
  23  2:42  Probe  
  24  2:47  Stalker  
  24  2:50  Protoss Air Weapons Level 1 (Chrono Boost)  
  26  2:52  Probe  
  26  2:54  Probe, Assimilator  
  28  3:04  Probe  
  29  3:06  Probe  
  30  3:12  Void Ray  
  30  3:16  Probe  
  35  3:38  Stargate  
  35  3:40  Probe (Chrono Boost)  
  35  3:41  Probe (Chrono Boost)  
  37  3:42  Assimilator  
  37  3:50  Probe x2 (Chrono Boost)  
  37  3:55  Probe (Chrono Boost), Void Ray  
  44  4:03  Probe  
  44  4:06  Probe  
  44  4:27  Probe  
  44  4:28  Probe  
  46  4:38  Pylon  
  46  4:48  Pylon  
  46  4:56  Probe x2  
  52  5:08  Probe x2  
Tags
 
Add a new tag
Caveats
  • Supply blocks, unpowered buildings, or Contaminate may cause inaccurate times.
  • Supply counts are checked every 10 seconds.